AoeStats
← Topi-Petteri

Arabia

508189630Analyzed
1v1 RM · 11d ago on Sep 21, 2026· 49m 54s· 2 players
Game mode
Random Map
Map size
Tiny (2 player)
Population
200
Speed
Normal
Resources
Standard
Victory
Conquest
Starting age
Dark Age
Ending age
Imperial Age
RankedLock teamsTeams togetherTeam positionsShared explorationLock speedFull tech treeHidden civsTurbo modeCheats
Victory
Defeat
🇫🇮 Poles · Finland
788
+16
🇮🇪 Ethiopians · Ireland
779
-16
ciaranomalley90
3:36 Loom
11:29 Feudal Age
12:19 Double-Bit Axe
12:16 Horse Collar
12:14 Man-at-Arms
15:04 Scale Mail Armor
21:49 Castle Age
23:34 Fletching
34:28 Bow Saw
40:30 Chain Mail Armor
49:40 Imperial Age
47:52 Wheelbarrow
49:14 Crossbowman
49:59 Thumb Ring
Topi-Petteri
9:55 Feudal Age
8:41 Loom
10:25 Double-Bit Axe
12:44 Horse Collar
14:05 Scale Barding Armor
15:45 Forging
17:20 Bloodlines
19:46 Scale Mail Armor
20:52 Wheelbarrow
23:31 Arson
26:16 Castle Age
26:32 Pikeman
27:13 Squires
27:31 Chain Mail Armor
27:21 Husbandry
29:36 Light Cavalry
31:18 Chain Barding Armor
32:32 Hand Cart
32:03 Town Watch
32:54 Heavy Plow
33:43 Bow Saw
33:37 Stone Mining
33:39 Gold Mining
35:41 Town Patrol
41:20 Imperial Age
39:38 Iron Casting
39:04 Man-at-Arms
39:54 Long Swordsman
41:23 Winged Hussar
42:35 Plate Mail Armor
43:09 Blast Furnace
42:23 Two-Handed Swordsman
44:05 Champion
45:25 Conscription
47:54 Lechitic Legacy
Connection lost

Rejoining the realm…

Still unreachable

The connection could not be restored.

Session expired

The server has moved on; the page needs a fresh start.